PAA
SPRINGFIELD SHOOTERS @ MYRTLE BEACH MERMEN
05/31/2022
 
TOP OF THE 1ST
Springfield Shooters batting - Pitching for Myrtle Beach Mermen : RHP Juan Martínez
Pitching: RHP Juan Martínez
Batting: SHB Albert Santos 0-0: Foul Ball, location: 2F
0-1: Ball
1-1: Called Strike
1-2: Ball
2-2: Strikes out looking
Batting: LHB Ray Anderson 0-0: Ball
1-0: Ball
2-0: Ball
3-0: Base on Balls
Batting: RHB Roy Herring 0-0: Foul Ball, location: 2F
0-1: Swinging Strike
0-2: Ball
1-2: Foul Ball, location: 2F
1-2: Ball
2-2: Foul Ball, location: 2F
2-2: Ball
3-2: Base on Balls
Ray Anderson to second
Batting: LHB Carroll Martin 0-0: Ball
1-0: Called Strike
1-1: Foul Ball, location: 2F
1-2: Ground out 3-1 (Groundball, 34S)
Ray Anderson to third
Roy Herring to second
Batting: RHB Ethan Miller 0-0: Ball
1-0: Ball
2-0: Called Strike
2-1: SINGLE (Line Drive, 8RS)
Ray Anderson scores
Roy Herring to third
Batting: LHB Mike Parker 0-0: SINGLE (Groundball, 6MD) (infield hit)
Roy Herring scores
Ethan Miller to second
Batting: RHB Meka Knight 0-0: Foul Ball, location: 2F
0-1: Swinging Strike
0-2: Ground out 6-3 (Groundball, 6)
Top of the 1st over - 2 run(s), 2 hit(s), 0 error(s), 2 left on base; Springfield 2 - Myrtle Beach 0
BOTTOM OF THE 1ST
Myrtle Beach Mermen batting - Pitching for Springfield Shooters : LHP Alfredo Sánchez
Pitching: LHP Alfredo Sánchez
Batting: RHB Matt Love 0-0: Ball
1-0: Ground out 5-3 (Groundball, 56)
Batting: LHB Joe Cashmore 0-0: Called Strike
0-1: Ground out 3-1 (Groundball, 34)
Batting: RHB Álex Rodríguez 0-0: SINGLE (Groundball, 5D)
Batting: RHB José Caballero 0-0: SINGLE (Groundball, 34D)
Álex Rodríguez to second
Runner from 2nd tries for 3rd, SAFE, throw made to third
Batting: SHB Avery Little 0-0: Swinging Strike
0-1: Ball
1-1: SINGLE (Groundball, 4MD)
Álex Rodríguez scores
José Caballero to second
Runner from 2nd tries for 3rd, SAFE, no throw or cutoff
Batting: LHB Steven Johnstone 0-0: Called Strike
0-1: Ball
1-1: Foul Ball, location: 2F
1-2: Ball
2-2: Strikes out swinging
Bottom of the 1st over - 1 run(s), 3 hit(s), 0 error(s), 2 left on base; Springfield 2 - Myrtle Beach 1
TOP OF THE 2ND
Springfield Shooters batting - Pitching for Myrtle Beach Mermen : RHP Juan Martínez
Batting: LHB Torquato Villani 0-0: Fly out, F7 (Flyball, 78M)
Batting: SHB Jack Bell 0-0: Ball
1-0: Called Strike
1-1: Swinging Strike
1-2: Foul Ball, location: 2F
1-2: Ball
2-2: Strikes out swinging
Batting: SHB Albert Santos 0-0: Ball
1-0: Ball
2-0: Ball
3-0: Called Strike
3-1: SINGLE (Groundball, 34D)
Batting: LHB Ray Anderson 0-0: Called Strike
Albert Santos steals 2nd base
0-1: Fly out, F8 (Flyball, 8LM)
Top of the 2nd over - 0 run(s), 1 hit(s), 0 error(s), 1 left on base; Springfield 2 - Myrtle Beach 1
BOTTOM OF THE 2ND
Myrtle Beach Mermen batting - Pitching for Springfield Shooters : LHP Alfredo Sánchez
Batting: SHB Val Brown 0-0: Ball
1-0: Called Strike
1-1: Ball
2-1: Foul Ball, location: 2F
2-2: Ground out 5-3 (Groundball, 56)
Batting: LHB Arturo Acevedo 0-0: Called Strike
0-1: Ball
1-1: Ball
2-1: SINGLE (Line Drive, 78S)
Batting: RHB Jorge Reyes 0-0: Ball
1-0: Ball
2-0: Called Strike
2-1: SINGLE (Groundball, 34D)
Arturo Acevedo to second
Runner from 2nd tries for 3rd, SAFE, no throw or cutoff
Batting: RHB Matt Love 0-0: Called Strike
0-1: Ball
1-1: Fielders Choice at 2nd, 6-4 (Groundball, 4M)
Arturo Acevedo scores
Batting: LHB Joe Cashmore 0-0: Ball
1-0: Called Strike
1-1: Ball
2-1: Ball
3-1: Foul Ball, location: 2F
3-2: Foul Ball, location: 2F
3-2: SINGLE (Line Drive, 9LS)
Matt Love to second
Matt Love to third
Batting: RHB Álex Rodríguez 0-0: Ball
1-0: Foul Ball, location: 2F
1-1: Swinging Strike
1-2: Ball
2-2: Ground out 1-3 (Groundball, 13)
Bottom of the 2nd over - 1 run(s), 3 hit(s), 0 error(s), 2 left on base; Springfield 2 - Myrtle Beach 2
TOP OF THE 3RD
Springfield Shooters batting - Pitching for Myrtle Beach Mermen : RHP Juan Martínez
Batting: RHB Roy Herring 0-0: Ball
1-0: Ball
2-0: Called Strike
2-1: Foul Ball, location: 2F
2-2: Foul Ball, location: 2F
2-2: SINGLE (Groundball, 56D)
Batting: LHB Carroll Martin 0-0: Called Strike
0-1: Called Strike
0-2: Foul Ball, location: 2F
0-2: Ball
1-2: Foul Ball, location: 2F
1-2: Foul Ball, location: 2F
1-2: Ball
2-2: Foul Ball, location: 2F
2-2: Foul Ball, location: 2F
2-2: Strikes out swinging
Batting: RHB Ethan Miller 0-0: Called Strike
0-1: Grounds into double play, 5-4-3 (Groundball, 56)
Top of the 3rd over - 0 run(s), 1 hit(s), 0 error(s), 0 left on base; Springfield 2 - Myrtle Beach 2
BOTTOM OF THE 3RD
Myrtle Beach Mermen batting - Pitching for Springfield Shooters : LHP Alfredo Sánchez
Batting: RHB José Caballero 0-0: Ball
1-0: Ground out 3-1 (Groundball, 34)
Batting: SHB Avery Little 0-0: Swinging Strike
0-1: Called Strike
0-2: Ball
1-2: Strikes out swinging
Batting: LHB Steven Johnstone 0-0: Ball
1-0: Ground out U3 (Groundball, 3)
Bottom of the 3rd over - 0 run(s), 0 hit(s), 0 error(s), 0 left on base; Springfield 2 - Myrtle Beach 2
TOP OF THE 4TH
Springfield Shooters batting - Pitching for Myrtle Beach Mermen : RHP Juan Martínez
Batting: LHB Mike Parker 0-0: SINGLE (Groundball, 34)
Batting: RHB Meka Knight 0-0: Swinging Strike
0-1: Called Strike
0-2: Foul Ball, location: 2F
0-2: Strikes out looking
Batting: LHB Torquato Villani 0-0: Called Strike
0-1: Foul Ball, location: 2F
0-2: Foul Ball, location: 2F
0-2: Ball
1-2: Ball
2-2: DOUBLE (Line Drive, 6M)
Mike Parker to third
Runner from 3rd tries for Home, SAFE, throw made home
Batting: SHB Jack Bell 0-0: Ball
1-0: Foul Ball, location: 2F
1-1: Ball
2-1: Ball
3-1: Called Strike
3-2: Foul Ball, location: 2F
3-2: Strikes out swinging
Batting: SHB Albert Santos 0-0: Called Strike
0-1: Ball
1-1: Fly out, F8 (Flyball, 89XD)
Top of the 4th over - 1 run(s), 2 hit(s), 0 error(s), 1 left on base; Springfield 3 - Myrtle Beach 2
BOTTOM OF THE 4TH
Myrtle Beach Mermen batting - Pitching for Springfield Shooters : LHP Alfredo Sánchez
Batting: SHB Val Brown 0-0: Foul Ball, location: 2F
0-1: Ground out 6-3 (Groundball, 6)
Batting: LHB Arturo Acevedo 0-0: Called Strike
0-1: Ball
1-1: Foul Ball, location: 2F
1-2: Ball
2-2: Ball
3-2: Ground out 4-3 (Groundball, 4)
Batting: RHB Jorge Reyes 0-0: Ball
1-0: Bunted foul
1-1: SINGLE (Groundball, 34D)
Batting: RHB Matt Love 0-0: Ball
1-0: Foul Ball, location: 2F
1-1: Ball
2-1: Ground out 5-3 (Groundball, 56S)
Bottom of the 4th over - 0 run(s), 1 hit(s), 0 error(s), 1 left on base; Springfield 3 - Myrtle Beach 2
TOP OF THE 5TH
Springfield Shooters batting - Pitching for Myrtle Beach Mermen : RHP Juan Martínez
Batting: LHB Ray Anderson 0-0: Called Strike
0-1: Ball
1-1: Ground out 4-3 (Groundball, 4)
Batting: RHB Roy Herring 0-0: Ball
1-0: Foul Ball, location: 2F
1-1: Ground out 6-3 (Groundball, 6)
Batting: LHB Carroll Martin 0-0: Ball
1-0: Called Strike
1-1: Ball
2-1: Swinging Strike
2-2: Foul Ball, location: 2F
2-2: Strikes out swinging
Top of the 5th over - 0 run(s), 0 hit(s), 0 error(s), 0 left on base; Springfield 3 - Myrtle Beach 2
BOTTOM OF THE 5TH
Myrtle Beach Mermen batting - Pitching for Springfield Shooters : LHP Alfredo Sánchez
Batting: LHB Joe Cashmore 0-0: Ball
1-0: Foul Ball, location: 2F
1-1: Fly out, F7 (Popup, 6D)
Batting: RHB Álex Rodríguez 0-0: Ball
1-0: Swinging Strike
1-1: Swinging Strike
1-2: Strikes out swinging
Batting: RHB José Caballero 0-0: SINGLE (Groundball, 4MD)
Batting: SHB Avery Little 0-0: Ball
1-0: Ball
2-0: Swinging Strike
2-1: Foul Ball, location: 2F
2-2: Ball
3-2: Fly out, F9 (Flyball, 9D)
Bottom of the 5th over - 0 run(s), 1 hit(s), 0 error(s), 1 left on base; Springfield 3 - Myrtle Beach 2
TOP OF THE 6TH
Springfield Shooters batting - Pitching for Myrtle Beach Mermen : RHP Juan Martínez
Batting: RHB Ethan Miller 0-0: Ball
1-0: Ball
2-0: Swinging Strike
2-1: Swinging Strike
2-2: Ground out 4-3 (Groundball, 4)
Batting: LHB Mike Parker 0-0: Ground out U3 (Groundball, 3)
Batting: RHB Meka Knight 0-0: Called Strike
0-1: SINGLE (Groundball, 23) (infield hit)
Batting: LHB Torquato Villani 0-0: Foul Ball, location: 2F
0-1: 2-RUN HOME RUN (Flyball, 9D), Distance : 393 ft
Batting: SHB Jack Bell 0-0: Called Strike
0-1: Ball
1-1: Swinging Strike
1-2: Foul Ball, location: 2F
1-2: Ball
2-2: Ground out 4-3 (Groundball, 4)
Top of the 6th over - 2 run(s), 2 hit(s), 0 error(s), 0 left on base; Springfield 5 - Myrtle Beach 2
BOTTOM OF THE 6TH
Myrtle Beach Mermen batting - Pitching for Springfield Shooters : LHP Alfredo Sánchez
Batting: LHB Steven Johnstone 0-0: Called Strike
0-1: Ball
1-1: Ground out 4-3 (Groundball, 4M)
Batting: SHB Val Brown 0-0: Foul Ball, location: 2F
0-1: Called Strike
0-2: Ball
1-2: Fly out, F4 (Popup, 34D)
Batting: LHB Arturo Acevedo 0-0: Ball
1-0: SINGLE (Groundball, 34)
Batting: RHB Jorge Reyes 0-0: Fly out, F8 (Flyball, 8LM)
Bottom of the 6th over - 0 run(s), 1 hit(s), 0 error(s), 1 left on base; Springfield 5 - Myrtle Beach 2
TOP OF THE 7TH
Springfield Shooters batting - Pitching for Myrtle Beach Mermen : RHP Juan Martínez
Batting: SHB Albert Santos 0-0: Ball
1-0: Ball
2-0: Called Strike
2-1: Called Strike
2-2: Ball
3-2: Base on Balls
Pitching: LHP Jonathon Baker
Batting: LHB Ray Anderson 0-0: Ball
1-0: Called Strike
1-1: Ball
2-1: Ball
3-1: SINGLE (Line Drive, 4D)
Albert Santos to second
Runner from 2nd tries for 3rd, SAFE, no throw or cutoff
Batting: RHB Roy Herring 0-0: SINGLE (Groundball, 6M)
Albert Santos scores
Ray Anderson to second
Runner from 2nd tries for 3rd, SAFE, no throw or cutoff
Batting: LHB Carroll Martin 0-0: Foul Ball, location: 2F
0-1: Foul Ball, location: 2F
0-2: Fly out, F1 (Popup, 13S)
Batting: RHB Ethan Miller 0-0: Fly out, F7 (Flyball, 7M)
Runner from 3rd tags up, SCORES, no throw
Batting: LHB Mike Parker 0-0: Fly out, F6 (Popup, 6MS)
Top of the 7th over - 2 run(s), 2 hit(s), 0 error(s), 1 left on base; Springfield 7 - Myrtle Beach 2
BOTTOM OF THE 7TH
Myrtle Beach Mermen batting - Pitching for Springfield Shooters : LHP Alfredo Sánchez
Batting: RHB Matt Love 0-0: Foul Ball, location: 2F
0-1: Ball
1-1: Foul Ball, location: 2F
1-2: Ball
2-2: Ball
3-2: Ground out 5-3 (Groundball, 15S)
Batting: LHB Joe Cashmore 0-0: Ball
1-0: Ball
2-0: Swinging Strike
2-1: Foul Ball, location: 2F
2-2: Ball
3-2: Foul Ball, location: 2F
3-2: SINGLE (Flyball, 7S)
Batting: RHB Álex Rodríguez 0-0: Ball
1-0: Grounds into double play, 6-4-3 (Groundball, 6M)
Bottom of the 7th over - 0 run(s), 1 hit(s), 0 error(s), 0 left on base; Springfield 7 - Myrtle Beach 2
TOP OF THE 8TH
Springfield Shooters batting - Pitching for Myrtle Beach Mermen : LHP Jonathon Baker
Batting: RHB Meka Knight 0-0: Ball
1-0: Called Strike
1-1: Ball
2-1: Ball
3-1: Ground out 6-3 (Groundball, 6)
Batting: LHB Torquato Villani 0-0: Called Strike
0-1: Ball
1-1: Swinging Strike
1-2: Reached on error, E4 (Groundball, 13)
Batting: SHB Jack Bell 0-0: Grounds into double play, 4-6-3 (Groundball, 4)
Top of the 8th over - 0 run(s), 0 hit(s), 1 error(s), 0 left on base; Springfield 7 - Myrtle Beach 2
BOTTOM OF THE 8TH
Myrtle Beach Mermen batting - Pitching for Springfield Shooters : LHP Alfredo Sánchez
Batting: RHB José Caballero 0-0: Ground out 6-3 (Groundball, 6)
Batting: SHB Avery Little 0-0: Ball
1-0: Foul Ball, location: 2F
1-1: Ball
2-1: Ball
3-1: Foul Ball, location: 2F
3-2: Strikes out swinging
Batting: LHB Steven Johnstone 0-0: Ball
1-0: Ball
2-0: Foul Ball, location: 2F
2-1: Ball
3-1: Called Strike
3-2: Foul Ball, location: 2F
3-2: SOLO HOME RUN (Line Drive, 89XD), Distance : 409 ft
Batting: SHB Val Brown 0-0: Foul Ball, location: 2F
0-1: Ball
1-1: Ground out 6-3 (Groundball, 6)
Bottom of the 8th over - 1 run(s), 1 hit(s), 0 error(s), 0 left on base; Springfield 7 - Myrtle Beach 3
TOP OF THE 9TH
Springfield Shooters batting - Pitching for Myrtle Beach Mermen : LHP Jonathon Baker
Batting: SHB Albert Santos 0-0: Fly out, F5 (Popup, 15)
Batting: LHB Ray Anderson 0-0: Called Strike
0-1: Swinging Strike
0-2: Ball
1-2: Reached on Error, E8 (Flyball, 8LD)
Batting: RHB Roy Herring 0-0: Fly out, F8 (Flyball, 8RD)
Runner from 2nd tags up, SAFE at 3rd, no throw
Batting: LHB Carroll Martin 0-0: Ball
1-0: Called Strike
1-1: Foul Ball, location: 2F
1-2: Fly out, F7 (Flyball, 78D)
Top of the 9th over - 0 run(s), 0 hit(s), 1 error(s), 1 left on base; Springfield 7 - Myrtle Beach 3
BOTTOM OF THE 9TH
Myrtle Beach Mermen batting - Pitching for Springfield Shooters : LHP Alfredo Sánchez
Pitching: RHP Ezekiel Kee
Batting: LHB Arturo Acevedo 0-0: Called Strike
0-1: Ball
1-1: SINGLE (Line Drive, 4D)
Batting: RHB Jorge Reyes 0-0: Called Strike
0-1: Grounds into double play, 6-4-3 (Groundball, 6)
Batting: RHB Matt Love 0-0: SINGLE (Groundball, 13) (infield hit)
Batting: LHB Joe Cashmore 0-0: Ball
1-0: Ball
2-0: Ball
3-0: Called Strike
3-1: Base on Balls
Matt Love to second
Pitching: RHP Nate Arredondo
Batting: RHB Álex Rodríguez 0-0: Ball
1-0: Foul Ball, location: 2F
1-1: Ground out 5-3 (Groundball, 56)
Bottom of the 9th over - 0 run(s), 2 hit(s), 0 error(s), 2 left on base; Springfield 7 - Myrtle Beach 3
This league is powered by Out of the Park Baseball, the baseball management simulation game for PC, Mac and Linux
Friday, April 15th, 2016 - OOTP Baseball 16.9 Build 39